 Dungeon Crawl Stone Soup version 0.29-a0-643-ga013cefcf8 (webtiles) character file.

Game seed: 12232876218899313907

44 zeratav the Shooter (level 3, -12/18 HPs)
             Began as a Spriggan Hunter on June 20, 2022.
             Killed from afar by Robin (25 damage)
             ... with a bolt of light
             ... on level 2 of the Dungeon.
             The game lasted 00:01:29 (1010 turns).

zeratav the Shooter (Spriggan Hunter)               Turns: 1010, Time: 00:01:30

Health: -12/18     AC:  2    Str:  7    XL:     3   Next: 39%
Magic:  4/4        EV: 18    Int: 10    God:
Gold:   70         SH:  0    Dex: 20    Spells: 2/2 levels left

rFire   . . .      SeeInvis +   a - +1 shortbow {bow}
rCold   . . .      Faith    .   (shield currently unavailable)
rNeg    . . .      Spirit   .   b - +0 robe
rPois   .          Reflect  .   (helmet restricted)
rElec   .          Harm     .   (no cloak)
rCorr   .          Rampage  .   (gloves unavailable)
Will    .....                   (boots unavailable)
Stlth   +.........              (no amulet)
HPRegen 0.06/turn               (no ring)
MPRegen 0.09/turn               (no ring)

@: confused, very quick
A: very small, no large weapons, unfitting armour, see invisible, speed 3
a: no special abilities


You were on level 2 of the Dungeon.
You visited 1 branch of the dungeon, and saw 2 of its levels.

You collected 70 gold pieces.


Innate Abilities, Weirdness & Mutations

You are very small and have problems with some larger weapons.
You are too small for most types of armour.
You have supernaturally acute eyesight. (SInv)
You cover ground extremely quickly. (Speed+++)


   Skills:
 - Level 1.5 Fighting
 + Level 6.3 Bows
 - Level 2.6 Dodging
 - Level 1.5 Stealth


You had 2 spell levels left.
You didn't know any spells.
Your spell library was empty.

Inventory:

Hand Weapons
 a - a +1 shortbow (weapon) {bow}
Armour
 b - a +0 robe (worn)
Scrolls
 c - a scroll of immolation {!r!r}
 e - a scroll of magic mapping {unknown}
Potions
 d - 2 potions of curing {unknown}
 f - a potion of brilliance {unknown}

Dungeon Overview and Level Annotations

Branches:
Dungeon (2/15) Zot: 11281

Altars:

Annotations:
D:2 Robin

##########
#.@.......
#Jg!......
#.).......
#.).$g....
#.Jh......
#.....g...
#...).....
#.........
####..)...


You could see Robin, 2 endoplasms, a jackal, a hobgoblin and a goblin.


Message History

HP[-5]
You take 5 damage, and now have 13/18 hp.
MASSIVE DAMAGE!! (PAUSE)
You are too injured to fight recklessly!
You are too injured to fight recklessly!
You are too injured to fight recklessly!
Shoot: a) +1 shortbow {bow}
Press: ? - help, Q - select action Shift-Dir - straight line, f - hobgoblin
Aim: a hobgoblin (66% to hit)
You shoot an arrow. The arrow barely misses the hobgoblin.
The arrow hits the goblin.
You kill the goblin!
The hobgoblin misses you.
The goblin shoots a sling bullet.
The sling bullet hits you.
HP[-1]
You take 1 damage, and now have 12/18 hp.
Shoot: a) +1 shortbow {bow}
Press: ? - help, Q - select action Shift-Dir - straight line, f/p - hobgoblin
Aim: a hobgoblin (66% to hit)
You shoot an arrow. The arrow hits the hobgoblin!
You kill the hobgoblin!
Robin of the Strong Arm comes into view.
They are wielding a +0 spear and carrying a wand of light (12).
Shoot: a) +1 shortbow {bow}
Press: ? - help, Q - select action Shift-Dir - straight line, f - jackal
Aim: a jackal (60% to hit)
You shoot an arrow.
Robin shouts!
The arrow hits the jackal but does no damage.
You hear a shout!
The jackal bites you.
A jackal comes into view.
An endoplasm comes into view.
Robin roars a battlecry!
The goblin goes into a battle-frenzy!
The jackal bites you but does no damage.
The jackal moves out of view.
HP[-2]
You take 2 damage, and now have 10/18 hp.
Shoot: a) +1 shortbow {bow}
Press: ? - help, Q - select action Shift-Dir - straight line, f/p - jackal
Aim: a jackal (60% to hit)
You shoot an arrow. The endoplasm quivers.
The arrow hits the jackal!
You kill the jackal!
A hobgoblin comes into view.
Robin says, "My goblins will feast on your bones."
A goblin comes into view. It is wielding a +0 dagger.
The goblin unwields a +0 hunting sling.
The goblin wields a +0 club.
The goblin misses you.
The goblin unwields a +0 dagger.
The goblin wields a +0 hunting sling.
The goblin shoots a sling bullet.
The sling bullet hits you.
* * * LOW HITPOINT WARNING * * *
You climb upwards.
There is a stone staircase leading down here.
HP[-2]
You take 2 damage, and now have 8/18 hp.
The goblin unwields a +0 club.
The goblin wields a +0 hunting sling.
The goblin shoots a sling bullet.
The sling bullet closely misses you.
The goblin shoots a sling bullet.
The sling bullet completely misses you.
The goblin shoots a sling bullet.
The sling bullet closely misses you.
The goblin shoots a sling bullet.
The sling bullet barely misses you.
Shoot: a) +1 shortbow {bow}
Press: ? - help, Q - select action Shift-Dir - straight line, f - goblin
Aim: a goblin, wielding a +0 hunting sling (strong, 60% to hit)
You shoot an arrow. The arrow hits the goblin.
You kill the goblin!
Shoot: a) +1 shortbow {bow}
Press: ? - help, Q - select action Shift-Dir - straight line, f - you That would be overly suicidal.
Okay, then.
You start resting.
HP[+9]
You regained 9 hp, and now have 17/18 hp.
You start resting.
HP[+1]
Your hp is fully restored (18).
There is a stone staircase leading down here.
You climb downwards.
Level annotation: Robin
There is a stone staircase leading up here.
The hobgoblin shouts!
The hobgoblin misses you.
You climb upwards.
There is a stone staircase leading down here.
You shoot an arrow. The arrow hits the hobgoblin.
The hobgoblin completely misses you.
You shoot an arrow. The arrow hits the hobgoblin.
You kill the hobgoblin!
No target in view!
You climb downwards.
Level annotation: Robin The jackal barks!
The hobgoblin misses you. The endoplasm freezes you.
You are frozen.
Robin zaps a wand.
The bolt of light hits you!!
You are confused.
Ouch! That really hurt!
You die...

Skill      XL: |  1  2 |
---------------+-------+-----
Bows           | 5 6 |  6.3
Fighting       | |  1.5
Dodging        | |  2.6
Stealth        | |  1.5

Action                   || total
-------------------------++-------
 Fire: Shortbow          ||    58
Armor: Robe              ||     1
Dodge: Dodged            ||    14

Levels and vault maps discovered:
D:1:      shiori_arrival_elements, layout_basic
D:2:      layout_rooms, serial_shops, shop_coins, hex_tiny, uniq_robin

Notes
Turn   | Place    | Note
-------+----------+-------------------------------------------
     0 | D:1      | zeratav the Spriggan Hunter began the quest for the Orb.
     0 | D:1      | Reached XP level 1. HP: 10/10 MP: 2/2
     0 | D:1      | magus.rc [v1.9.6]
   125 | D:1      | Reached skill level 5 in Bows
   266 | D:1      | Reached XP level 2. HP: 14/14 MP: 3/3
   629 | D:1      | Reached skill level 6 in Bows
   674 | D:1      | Reached XP level 3. HP: 18/18 MP: 4/4
   827 | D:2      | Noticed Robin
  1010 | D:2      | Killed from afar by Robin

Vanquished Creatures
  A ball python (D:1)
  3 endoplasms (D:1)
  A giant cockroach (D:1)
  10 goblins
  5 hobgoblins
  5 jackals
  A kobold (D:1)
  A quokka (D:1)
  6 bats (D:1)
  6 rats (D:1)
39 creatures vanquished.

Table legend:
 A = Non-vault XP
 B = Vault XP
 C = Vault XP percentage of total XP
 D = Non-vault monster count
 E = Vault monster count
 F = Vault count percentage of total count
                 A         B        C        D         E       F
            +---------+---------+-------+---------+---------+-------
      Total |      50 |      13 |  20.6 |      31 |       8 |  20.5
            +---------+---------+-------+---------+---------+-------
        D:1 |      46 |       3 |   6.1 |      29 |       2 |   6.5
        D:2 |       4 |      10 |  71.4 |       2 |       6 |  75.0
            +---------+---------+-------+---------+---------+-------

Illustrated notes

Table legend:
 A = Kills in this place as a percentage of kills in entire the game.
 B = Kills by you in this place as a percentage of kills by you in the entire game.
 C = Kills by friends in this place as a percentage of kills by friends in the entire game.
 D = Other kills in this place as a percentage of other kills in the entire game.
 E = Experience gained in this place as a percentage of experience gained in the entire game.
 F = Experience gained in this place divided by the number of levels of this place that you have seen.
                   A       B       C       D       E      F
               +-------+-------+-------+-------+-------+----------------------
         Total | 100.0 | 100.0 |   N/A |   N/A | 100.0 |  31.5
       Dungeon | 100.0 | 100.0 |   N/A |   N/A | 100.0 |  31.5
               +-------+-------+-------+-------+-------+----------------------

Table legend: (Time is in decaauts)
 A = Elapsed time spent in this place.
 B = Non-inter-level travel time spent in this place.
 C = Inter-level travel time spent in this place.
 D = Time resting spent in this place.
 E = Time spent auto-exploring this place.
 F = Levels seen in this place.
 G = Mean time per level.
                   A        B        C        D        E       F      G
               +--------+--------+--------+--------+--------+-----+--------+
         Total |    716 |    711 |      5 |    158 |    440 |   2 |  358.0 |
       Dungeon |    716 |    711 |      5 |    158 |    440 |   2 |  358.0 |
               +--------+--------+--------+--------+--------+-----+--------+

Top non-repeatable levels by time:
     D:1: 695 daAuts
     D:2: 21 daAuts
